[Event "Early Titled Tuesday Blitz | February 8 2022"]
[White "Manukian, Artak"]
[Black "Aloma Vidal, Robert"]
[WhiteFideId "13301373"]
[BlackFideId "2260409"]
[WhiteElo "2420"]
[BlackElo "2435"]
[Result "0-1"]
[Round "06"]
[TimeControl "180+1"]
[Date "2022.02.08"]
[WhiteClock "0:00:42"]
[BlackClock "0:01:12"]

1. e4 e5 2. Nf3 Nf6 3. d4 Nxe4 4. Nxe5 d6 5. Nc4 d5 6. Ne5 Bd6 7. Bd3 O-O 8. O-O c5 9. c3 Nc6 10. Bxe4 dxe4 11. Nxc6 bxc6 12. dxc5 Bxc5 13. Qxd8 Rxd8 14. Re1 f5 15. Be3 Bxe3 16. fxe3 Rb8 17. b3 Rd3 18. Kf2 c5 19. Rc1 a5 20. Na3 Rd2+ 21. Kg3 Be6 22. Rc2 Rbd8 23. Rac1 g5 24. Rxd2 Rxd2 25. Rc2 Rd1 26. h4 h6 27. hxg5 hxg5 28. Nb5 Kf7 29. c4 Kf6 30. Nc3 Rd3 31. Kf2 Ke5 32. g3 f4 33. gxf4+ gxf4 34. exf4+ Kxf4 35. Ke2 Bg4+ 36. Ke1 e3 37. Ne2+ Ke5 38. Rb2 Ke4 39. Nc3+ Rxc3 0-1


[Site "https://www.chess.com"]

[Event "Early Titled Tuesday Blitz | February 8 2022"]
[White "Martinez Alcantara, Jose Eduardo"]
[Black "Jones, Gawain C B"]
[WhiteFideId "3805662"]
[BlackFideId "409561"]
[WhiteElo "2690"]
[BlackElo "2657"]
[Result "1-0"]
[Round "06"]
[TimeControl "180+1"]
[Date "2022.02.08"]
[WhiteClock "0:00:16"]
[BlackClock "0:00:04"]

1. e4 e5 2. Nf3 Nc6 3. Bb5 a6 4. Ba4 d6 5. c3 Bd7 6. O-O g6 7. d4 Bg7 8. h3 Nf6 9. Re1 O-O 10. Bg5 h6 11. Bh4 g5 12. Bg3 Nh5 13. Bh2 g4 14. hxg4 Bxg4 15. Bxc6 bxc6 16. dxe5 Rb8 17. exd6 Rxb2 18. dxc7 Qc8 19. Qd3 f5 20. Bd6 fxe4 21. Qxe4 Bxf3 22. gxf3 Nf6 23. Qc4+ Rf7 24. Qe6 Qxe6 25. Rxe6 Rxc7 26. Bxc7 Nd5 27. Bg3 Rc2 28. Re1 Bf8 29. a4 a5 30. c4 Nb4 31. Ra3 Rxc4 32. Rc3 Rd4 33. Be5 Rd5 34. f4 Bc5 35. Rg3+ Kf7 36. Nc3 Rd8 37. Ne4 Bd4 38. Rg7+ Kf8 39. Rh7 Bxe5 40. fxe5 Rd4 41. e6 Nd3 42. Rf7+ Ke8 43. Nf6+ Kd8 44. e7+ Kc7 45. e8=Q+ Kb6 46. Qb8+ 1-0


[Site "https://www.chess.com"]

[Event "Early Titled Tuesday Blitz | February 8 2022"]
[White "Martinovici, Ilia"]
[Black "Domingo Nunez, Alejandro"]
[WhiteFideId "13907034"]
[BlackFideId "22245561"]
[WhiteElo "2303"]
[BlackElo "2215"]
[Result "1-0"]
[Round "06"]
[TimeControl "180+1"]
[Date "2022.02.08"]
[WhiteClock "0:00:09"]
[BlackClock "0:00:12"]

1. d4 Nf6 2. c4 g6 3. Nc3 d6 4. e4 Bg7 5. f3 Nbd7 6. Nge2 c6 7. Bg5 a6 8. a4 a5 9. Qd2 h6 10. Be3 Nb8 11. Rd1 Na6 12. g4 Nb4 13. Ng3 h5 14. g5 Nd7 15. h4 e5 16. d5 c5 17. Nb5 Nb6 18. b3 O-O 19. f4 exf4 20. Bxf4 Bg4 21. Be2 Bxe2 22. Qxe2 Nc8 23. O-O Qd7 24. Kg2 Ra6 25. Rf2 Na7 26. Rdf1 Nxb5 27. cxb5 Raa8 28. Qc4 Rae8 29. b6 Bd4 30. Rf3 Rd8 31. Bd2 Be5 32. Bc3 Rde8 33. Bxe5 Rxe5 34. Rf6 Qe7 35. R1f3 Na2 36. Qc2 Nb4 37. Qf2 Rxe4 38. Nxe4 Qxe4 39. Kh2 Qxd5 40. Rxg6+ Kh7 41. Rh6+ Kg8 42. Qb2 Qd4 43. Qxd4 cxd4 44. Rxd6 d3 45. g6 fxg6 46. Rxg6+ Kh7 47. Rxf8 Kxg6 48. Rb8 Kf5 49. Rxb7 Ke4 50. Rd7 Nd5 51. b7 d2 52. Rxd5 d1=Q 53. Rxd1 1-0


[Site "https://www.chess.com"]

[Event "Early Titled Tuesday Blitz | February 8 2022"]
[White "Mayaud, Raphael"]
[Black "Fernandez, Michael"]
[WhiteFideId "627151"]
[BlackFideId "5803560"]
[WhiteElo "2191"]
[BlackElo "2110"]
[Result "0-1"]
[Round "06"]
[TimeControl "180+1"]
[Date "2022.02.08"]
[WhiteClock "0:00:01"]
[BlackClock "0:00:19"]

1. d4 b5 2. e4 Bb7 3. Bd3 e6 4. a4 b4 5. Qe2 a5 6. Nf3 Nf6 7. Bg5 Be7 8. Nbd2 d5 9. e5 Nfd7 10. h4 c5 11. c3 Ba6 12. c4 dxc4 13. Bxc4 Bxc4 14. Nxc4 O-O 15. Rd1 cxd4 16. Rxd4 Nc6 17. Rd2 h6 18. Bxe7 Nxe7 19. O-O Qc7 20. Rfd1 Nc5 21. Nd6 Nxa4 22. Ne4 Nd5 23. g4 Rac8 24. g5 Qc4 25. Qe1 h5 26. Rd4 Qc2 27. Nf6+ gxf6 28. gxf6 Kh8 29. Rxd5 exd5 30. Kh2 Rg8 31. Ng5 Qf5 32. Qe2 Rxg5 33. hxg5 Qxg5 34. Rg1 Qf4+ 35. Kh1 Qe4+ 36. Qxe4 dxe4 37. Re1 Nc5 38. Kg2 Kh7 39. Kg3 Kg6 40. Kf4 Ne6+ 41. Kxe4 Rc4+ 42. Kd5 Rd4+ 43. Kc6 Kf5 44. Rg1 h4 45. Rh1 Kg4 46. Rg1+ Kf3 47. Rg8 h3 48. Re8 h2 49. Rh8 Kg2 50. Rg8+ Kxf2 51. Rh8 Kg3 52. Rg8+ Rg4 53. Rh8 Rh4 54. Kd6 Rxh8 0-1


[Site "https://www.chess.com"]

[Event "Early Titled Tuesday Blitz | February 8 2022"]
[White "Mekhitarian, Krikor Sevag"]
[Black "Nepomniachtchi, Ian"]
[WhiteFideId "2107660"]
[BlackFideId "4168119"]
[WhiteElo "2598"]
[BlackElo "2740"]
[Result "1-0"]
[Round "06"]
[TimeControl "180+1"]
[Date "2022.02.08"]
[WhiteClock "0:00:14"]
[BlackClock "0:00:16"]

1. e4 e6 2. d4 d5 3. Nc3 Bb4 4. e5 c5 5. a3 Bxc3+ 6. bxc3 Ne7 7. h4 Qc7 8. Nf3 b6 9. Bb5+ Bd7 10. Bd3 Ba4 11. h5 h6 12. Rh4 Nd7 13. Rg4 c4 14. Be2 Rg8 15. Nh4 O-O-O 16. Rf4 f6 17. exf6 gxf6 18. g3 e5 19. Rf3 e4 20. Rf4 Rg5 21. Be3 Kb7 22. Bg4 Rdg8 23. Bh3 Rxg3 24. fxg3 Rxg3 25. Kf2 Rxh3 26. Qg1 Bxc2 27. Qg2 Rxh4 28. Rxh4 Qc6 29. Rf4 Ka6 30. Qg7 Qe6 31. Rg1 Ba4 32. Rg3 Qd6 33. Qxh6 Qxa3 34. Rg7 Qb2+ 35. Kg1 Qxc3 36. Rf1 Nc6 37. Rxd7 Nxd4 38. Rxd5 Nf3+ 39. Kf2 Nh2 40. Rg1 Qb2+ 41. Rd2 Qb5 42. Qf4 Nf3 43. Rh1 Nxd2 44. Bxd2 c3 45. Be3 c2 46. h6 Qb1 47. Bc1 e3+ 48. Qxe3 Bc6 49. Rh4 Qb5 50. Qe2 1-0


[Site "https://www.chess.com"]

[Event "Early Titled Tuesday Blitz | February 8 2022"]
[White "Moiseenko, Alexander"]
[Black "Atakhan, Abtin"]
[WhiteFideId "14102560"]
[BlackFideId "22502203"]
[WhiteElo "2813"]
[BlackElo "2596"]
[Result "1-0"]
[Round "06"]
[TimeControl "180+1"]
[Date "2022.02.08"]
[WhiteClock "0:00:05"]
[BlackClock "0:00:09"]

1. d4 d5 2. c4 c6 3. Nf3 Nf6 4. Nc3 e6 5. e3 Nbd7 6. Bd3 dxc4 7. Bxc4 b5 8. Bd3 Bb7 9. e4 b4 10. Na4 c5 11. e5 Nd5 12. dxc5 Nxc5 13. Bb5+ Nd7 14. Bg5 Qa5 15. Bxd7+ Kxd7 16. O-O Be7 17. Bd2 Rhc8 18. a3 Ke8 19. axb4 Bxb4 20. Nc3 Qc5 21. Ne4 Qe7 22. Bxb4 Qxb4 23. Nd6+ Kf8 24. Nxc8 Rxc8 25. Qd4 Qb3 26. Rxa7 h6 27. h4 Kg8 28. Rfa1 Rc2 29. Qd1 Rxb2 30. Qxb3 Rxb3 31. Nd2 Rb4 32. Rb1 Rxb1+ 33. Nxb1 Bc6 34. Nd2 Bb5 35. Nf3 Bd3 36. Nd4 Bg6 37. g3 h5 38. Nc6 Kh7 39. Ne7 Be4 40. Nxd5 exd5 41. Rxf7 Kg6 42. Rf8 Bf5 43. f4 d4 44. Kf2 Bc2 45. e6 1-0


[Site "https://www.chess.com"]

[Event "Early Titled Tuesday Blitz | February 8 2022"]
[White "Moroni, Luca Jr"]
[Black "Gabdrakhmanov, Azat"]
[WhiteFideId "865834"]
[BlackFideId "34189197"]
[WhiteElo "2805"]
[BlackElo "2586"]
[Result "1-0"]
[Round "06"]
[TimeControl "180+1"]
[Date "2022.02.08"]
[WhiteClock "0:00:19"]
[BlackClock "0:00:15"]

1. d4 Nf6 2. c4 g6 3. Nc3 Bg7 4. e4 O-O 5. Bd3 d6 6. Nge2 e5 7. d5 Nbd7 8. O-O a5 9. f3 Nc5 10. Bc2 Bd7 11. Be3 c6 12. dxc6 Bxc6 13. Qd2 Qe7 14. Rfd1 Rad8 15. b3 Nh5 16. a3 Ne6 17. b4 b6 18. Bxb6 Rb8 19. bxa5 Nhf4 20. Nxf4 exf4 21. Rab1 Ba8 22. Bd3 g5 23. Bf2 Rbc8 24. Nd5 Bxd5 25. exd5 Nc5 26. Bc2 Ra8 27. h4 Qf6 28. hxg5 Qxg5 29. Re1 Kh8 30. Rb6 Rg8 31. Rxd6 Rxa5 32. Qxa5 Be5 33. Rg6 hxg6 34. Qxc5 Kg7 35. d6 f6 36. d7 Rh8 37. Qe7+ Kh6 38. d8=Q Rxd8 39. Qxd8 1-0


[Site "https://www.chess.com"]

[Event "Early Titled Tuesday Blitz | February 8 2022"]
[White "Mosutha, Thuso"]
[Black "Krzywda, Andrzej"]
[WhiteFideId "11302550"]
[BlackFideId "1114565"]
[WhiteElo "2028"]
[BlackElo "2098"]
[Result "1-0"]
[Round "06"]
[TimeControl "180+1"]
[Date "2022.02.08"]
[WhiteClock "0:00:55"]
[BlackClock "0:00:51"]

1. d4 d5 2. c4 e6 3. Nf3 Nf6 4. g3 Bb4+ 5. Bd2 Be7 6. Bg2 O-O 7. O-O c6 8. cxd5 exd5 9. Nc3 Re8 10. Qc2 g6 11. Rfe1 Bf5 12. Qb3 Qb6 13. Nh4 Be6 14. Qc2 Na6 15. e3 Ng4 16. h3 Bxh4 17. hxg4 Bf6 18. f3 Rac8 19. a3 Kg7 20. b4 Qc7 21. Kf2 Nb8 22. Qd3 Nd7 23. e4 Nb6 24. e5 Be7 25. Qe3 Nc4 26. Qh6+ Kg8 27. Rh1 Bd8 28. Qxh7+ Kf8 29. Bh6+ Ke7 30. Qg7 Kd7 31. Bh3 Qb6 32. Rad1 Kc7 33. g5 Kb8 34. Bxe6 fxe6 35. Qxg6 Nxe5 36. Qxe8 Bc7 37. Qxe6 Nc4 38. Bg7 Bxg3+ 39. Kxg3 Qc7+ 40. Be5 Nxe5 41. Qxe5 1-0


[Site "https://www.chess.com"]

[Event "Early Titled Tuesday Blitz | February 8 2022"]
[White "Muradov, Soltan"]
[Black "Jain, Naveen"]
[WhiteFideId "14002108"]
[BlackFideId "5003970"]
[WhiteElo "1854"]
[BlackElo "2036"]
[Result "1-0"]
[Round "06"]
[TimeControl "180+1"]
[Date "2022.02.08"]
[WhiteClock "0:00:10"]
[BlackClock "0:00:04"]

1. c4 g6 2. Nf3 Bg7 3. e3 Nf6 4. b3 O-O 5. Bb2 d6 6. d4 a6 7. Nc3 Nbd7 8. Be2 e5 9. dxe5 dxe5 10. O-O Qe7 11. Qd2 e4 12. Nd4 c5 13. Nc2 b6 14. Nd5 Nxd5 15. Bxg7 Kxg7 16. Qxd5 Rb8 17. Rad1 Nf6 18. Qd6 Qxd6 19. Rxd6 Be6 20. Rfd1 Rfc8 21. f3 exf3 22. gxf3 Kf8 23. e4 Ke7 24. Ne3 Rd8 25. Rxd8 Rxd8 26. Nd5+ Bxd5 27. cxd5 b5 28. Kf2 Kd6 29. Ke3 g5 30. h4 h6 31. Rh1 Ke5 32. hxg5 hxg5 33. Rg1 Rg8 34. Rc1 Nd7 35. a4 bxa4 36. bxa4 Rb8 37. Bxa6 Rb3+ 38. Kf2 Kf4 39. Be2 Ra3 40. Rg1 Ne5 41. Rc1 Ra2 42. Rc3 c4 43. a5 Nd3+ 44. Kf1 Ke3 45. d6 Ra1+ 46. Kg2 Rxa5 47. d7 Ra8 48. Bxd3 Ra2+ 49. Kg3 1-0


[Site "https://www.chess.com"]

[Event "Early Titled Tuesday Blitz | February 8 2022"]
[White "Murthy, Pappu"]
[Black "Lakshmi C"]
[WhiteFideId "2013401"]
[BlackFideId "25035347"]
[WhiteElo "1968"]
[BlackElo "1775"]
[Result "0-1"]
[Round "06"]
[TimeControl "180+1"]
[Date "2022.02.08"]
[WhiteClock "0:00:20"]
[BlackClock "0:00:08"]

1. c4 Nf6 2. Nc3 g6 3. e4 d6 4. d4 Bg7 5. Nge2 Nc6 6. Ng3 O-O 7. Be2 e5 8. d5 Ne7 9. h4 h5 10. Bg5 Nh7 11. Bxh5 gxh5 12. Nxh5 f6 13. Nxg7 Kxg7 14. Be3 f5 15. g3 a6 16. Qh5 Qe8 17. Bh6+ Kh8 18. Qe2 Rg8 19. O-O-O Qg6 20. Bg5 Re8 21. Kb1 Bd7 22. Ka1 b5 23. c5 dxc5 24. Bxe7 Rxe7 25. d6 cxd6 26. h5 Qf6 27. Nd5 Qf7 28. Nxe7 Qxe7 29. h6 Bc6 30. exf5 Bxh1 31. Rxh1 Qf6 32. g4 Qe7 33. Qe4 Qf6 34. Qxa8+ Qf8 35. Qxa6 Ng5 36. Qb7 e4 37. Qxb5 Qe7 38. Qb8+ Kh7 39. Rd1 Nf7 40. Qb3 Qf6 41. Qh3 Qe5 42. Qh5 Qf6 43. g5 Nxg5 44. Rh1 d5 45. Rg1 Nf7 46. Rg7+ Kh8 47. Rg6 Qd4 48. Qh4 Qc4 49. Rg8+ Kxg8 50. Qg4+ Kf8 51. Qg7+ Ke7 52. f6+ Kd6 53. Qg3+ Kc6 54. Qc3 Qxc3 55. bxc3 d4 56. h7 d3 57. Kb2 c4 58. Kc1 Kd5 59. Kd2 Ke6 60. Ke3 Kxf6 61. a4 Ke6 62. a5 Kd5 63. a6 Kc6 64. a7 Kb7 65. a8=Q+ Kxa8 66. h8=Q+ Nxh8 67. Kxe4 d2 68. Kd4 d1=Q+ 69. Kxc4 Qa4+ 70. Kd3 Qd7+ 71. Kc2 Kb7 72. f3 Kc6 73. f4 Kc5 74. f5 Kc4 75. f6 Qf7 76. Kd2 Qxf6 77. Ke3 Qe5+ 78. Kd2 Qxc3+ 79. Kd1 Qb2 80. Ke1 Kd3 81. Kf1 Qd2 82. Kg1 Ke3 83. Kh1 Kf3 84. Kg1 Qg2# 0-1


[Site "https://www.chess.com"]

[Event "Early Titled Tuesday Blitz | February 8 2022"]
[White "Murzin, Volodar"]
[Black "Le Ruyet, Leopold"]
[WhiteFideId "44155573"]
[BlackFideId "645923"]
[WhiteElo "2585"]
[BlackElo "2276"]
[Result "1-0"]
[Round "06"]
[TimeControl "180+1"]
[Date "2022.02.08"]
[WhiteClock "0:01:06"]
[BlackClock "0:00:12"]

1. e4 e6 2. d3 d5 3. Nd2 g6 4. Ngf3 Bg7 5. g3 Ne7 6. Bg2 e5 7. O-O O-O 8. a3 a5 9. Re1 Nbc6 10. b3 Re8 11. c3 h6 12. Qc2 Be6 13. Rb1 Qd7 14. b4 axb4 15. axb4 d4 16. b5 Na5 17. cxd4 exd4 18. e5 Rac8 19. Ne4 b6 20. Bxh6 Bh8 21. Qd2 Nf5 22. Bg5 Bd5 23. Nf6+ Bxf6 24. Bxf6 Nb3 25. Rxb3 Bxb3 26. Bh3 Qd5 27. Bxf5 Qxf3 28. Qh6 Qh5 29. Qg7# 1-0


[Site "https://www.chess.com"]

[Event "Early Titled Tuesday Blitz | February 8 2022"]
[White "Narayanan.S.L"]
[Black "Beerdsen, Thomas"]
[WhiteFideId "5058422"]
[BlackFideId "1030108"]
[WhiteElo "2494"]
[BlackElo "2585"]
[Result "0-1"]
[Round "06"]
[TimeControl "180+1"]
[Date "2022.02.08"]
[WhiteClock "0:01:15"]
[BlackClock "0:02:14"]

1. Nf3 h6 2. h4 Nf6 3. h5 c5 4. c4 Nc6 5. Nc3 d6 6. d4 cxd4 7. Nxd4 Bg4 8. g3 Bxh5 9. Bg2 Rc8 10. b3 Bg6 11. Bb2 e6 12. Qd2 Be7 13. Rd1 a6 14. e3 O-O 15. Nce2 Nxd4 16. Bxd4 e5 17. Bb2 b5 18. Rc1 bxc4 19. bxc4 Ne4 20. Qb4 Rb8 21. Qa3 d5 22. c5 Nxc5 0-1


[Site "https://www.chess.com"]

[Event "Early Titled Tuesday Blitz | February 8 2022"]
[White "Navara, David"]
[Black "Jaracz, Pawel"]
[WhiteFideId "309095"]
[BlackFideId "1102222"]
[WhiteElo "2686"]
[BlackElo "2429"]
[Result "0-1"]
[Round "06"]
[TimeControl "180+1"]
[Date "2022.02.08"]
[WhiteClock "0:00:01"]
[BlackClock "0:00:08"]

1. d4 Nf6 2. c4 e6 3. Nc3 Bb4 4. e3 O-O 5. Bd3 c5 6. Ne2 d5 7. a3 Bxc3+ 8. Nxc3 cxd4 9. exd4 dxc4 10. Bxc4 Nc6 11. Be3 Ne7 12. O-O Nf5 13. Qf3 Bd7 14. Bg5 Rc8 15. Bd3 Bc6 16. Qh3 h6 17. Bxf6 Qxf6 18. d5 Bd7 19. Bxf5 exf5 20. Rad1 Rfd8 21. Qe3 b6 22. Qd4 Qd6 23. Rfe1 Re8 24. g3 a5 25. Kg2 b5 26. Rxe8+ Rxe8 27. b4 Rc8 28. bxa5 Rc4 29. Qb6 Qe5 30. Qd8+ Be8 31. Nxb5 Qe4+ 32. Kg1 Qe2 33. Rf1 Kh7 34. Nd6 Re4 35. Nxe4 Qxe4 36. a6 Bb5 37. Rc1 Bc4 38. Rxc4 Qxc4 39. a7 Qe4 40. a8=Q Qe1+ 41. Kg2 Qe4+ 42. Kf1 Qd3+ 43. Ke1 Qc3+ 44. Ke2 Qc2+ 45. Ke3 Qc3+ 46. Kf4 Qd4+ 47. Kxf5 g6# 0-1


[Site "https://www.chess.com"]

[Event "Early Titled Tuesday Blitz | February 8 2022"]
[White "Nazari, Arad"]
[Black "Chernomordik, Pavel"]
[WhiteFideId "12577324"]
[BlackFideId "2804530"]
[WhiteElo "2120"]
[BlackElo "2249"]
[Result "0-1"]
[Round "06"]
[TimeControl "180+1"]
[Date "2022.02.08"]
[WhiteClock "0:00:06"]
[BlackClock "0:00:52"]

1. e4 g6 2. d4 Bg7 3. Nc3 d6 4. f4 a6 5. Nf3 b5 6. Bd3 Nd7 7. O-O c5 8. e5 cxd4 9. Be4 Rb8 10. Nxd4 dxe5 11. Nc6 Qb6+ 12. Kh1 Ngf6 13. Nxb8 Qxb8 14. fxe5 Nxe4 15. Nxe4 Qxe5 16. Ng5 O-O 17. c3 Nf6 18. Bf4 Qc5 19. Qe1 Nd5 20. Be5 f6 21. Bd4 Qc6 22. Nf3 e5 23. Bf2 Bb7 24. Bg3 Re8 25. Qe2 e4 26. Nd4 Qc5 27. a4 b4 28. Nb3 Qc8 29. c4 Nb6 30. Na5 Ba8 31. Rac1 Nxa4 32. c5 f5 33. Qc4+ Kh8 34. Be1 Nxb2 35. Rc2 Nxc4 36. Rxc4 Bd5 37. Rxb4 Qxc5 38. Rb1 e3 39. Rg1 e2 40. h3 Qe3 41. Bb4 Qxh3# 0-1


[Site "https://www.chess.com"]

[Event "Early Titled Tuesday Blitz | February 8 2022"]
[White "Necula, Iulian"]
[Black "Pasini, Nicolo"]
[WhiteFideId "1232380"]
[BlackFideId "2809600"]
[WhiteElo "1776"]
[BlackElo "2065"]
[Result "0-1"]
[Round "06"]
[TimeControl "180+1"]
[Date "2022.02.08"]
[WhiteClock "0:01:21"]
[BlackClock "0:00:59"]

1. b4 a5 2. b5 c5 3. bxc6 bxc6 4. Bb2 Ba6 5. Nf3 e6 6. d3 d5 7. Nbd2 Nd7 8. e4 Rb8 9. Qc1 Ngf6 10. exd5 cxd5 11. Be2 Bb4 12. c3 Bd6 13. O-O Nc5 14. c4 O-O 15. Bxf6 Qxf6 16. d4 Ne4 17. c5 Bxe2 18. cxd6 Bxf1 19. Nxe4 dxe4 20. Ne5 Bb5 21. Rb1 Qd8 22. a4 Bd3 23. Rxb8 Qxb8 24. Nd7 Qxd6 25. Nxf8 Qxf8 26. Qc5 Qxc5 27. dxc5 Ba6 28. c6 Kf8 29. c7 Ke7 30. f3 exf3 31. gxf3 Kd7 32. Kf2 Kxc7 33. Ke3 Bc4 34. Kd4 Bb3 35. Kc5 Bxa4 36. f4 Bc6 37. h4 a4 38. Kb4 Kd6 0-1


[Site "https://www.chess.com"]

[Event "Early Titled Tuesday Blitz | February 8 2022"]
[White "Nesterov, Arseniy"]
[Black "Szpar, Milosz"]
[WhiteFideId "24198455"]
[BlackFideId "1184989"]
[WhiteElo "2489"]
[BlackElo "2447"]
[Result "1/2-1/2"]
[Round "06"]
[TimeControl "180+1"]
[Date "2022.02.08"]
[WhiteClock "0:00:06"]
[BlackClock "0:00:04"]

1. d4 Nf6 2. c4 e6 3. Nf3 c5 4. d5 d6 5. Nc3 exd5 6. cxd5 g6 7. Nd2 Bg7 8. Nc4 O-O 9. Bf4 Nbd7 10. Bxd6 Re8 11. e3 Nb6 12. Bxc5 Nfxd5 13. Nxd5 Nxd5 14. Be2 Be6 15. O-O Qg5 16. Bd4 Rad8 17. Nd2 Bh3 18. Bf3 Bxd4 19. exd4 Nf4 20. g3 Bxf1 21. Nxf1 Nh3+ 22. Kg2 Nf4+ 23. Kh1 Nd5 24. Qb3 Nb6 25. Rd1 Qf6 26. d5 Rd6 27. Kg2 Nd7 28. Nd2 Rb6 29. Qa3 Ne5 30. Re1 Rd8 31. Rxe5 Qxe5 32. Nc4 Qd4 33. Nxb6 Qxb6 34. b3 Qd6 35. Qxa7 b6 36. a4 Rc8 37. a5 bxa5 38. Qxa5 Rc2 39. Qe1 Qc5 40. b4 Qb6 41. Qe8+ Kg7 42. Qe5+ Kg8 43. Qe8+ Kg7 44. Qe5+ Kg8 45. Qe8+ 1/2-1/2


[Site "https://www.chess.com"]

[Event "Early Titled Tuesday Blitz | February 8 2022"]
[White "Nguyen, Ngoc Truong Son"]
[Black "Khumalo, Keith"]
[WhiteFideId "12401110"]
[BlackFideId "14319470"]
[WhiteElo "2828"]
[BlackElo "2598"]
[Result "1-0"]
[Round "06"]
[TimeControl "180+1"]
[Date "2022.02.08"]
[WhiteClock "0:01:00"]
[BlackClock "0:01:52"]

1. d4 d5 2. Nf3 Nf6 3. c4 dxc4 4. e3 e6 5. Bxc4 c5 6. O-O a6 7. dxc5 Qxd1 8. Rxd1 Bxc5 9. Nfd2 Nc6 10. Nb3 Ba7 11. Be2 Bd7 12. Nc3 Rc8 13. Bd2 Nb4 14. Nb5 axb5 15. Bxb4 Nd5 16. Bd6 Rc2 17. Bd3 Rxb2 18. Be5 Rxb3 19. axb3 Bb6 20. Ra8+ Bd8 21. Bxg7 Rg8 22. Bd4 Bc6 23. Be4 f5 24. Bxd5 Bxd5 25. Bb6 Kd7 26. Rxd8+ Rxd8 27. Bxd8 Kxd8 28. b4 Kc7 29. f3 Kc6 30. Kf2 Bc4 31. g4 f4 32. exf4 1-0


[Site "https://www.chess.com"]

[Event "Early Titled Tuesday Blitz | February 8 2022"]
[White "Orozbaev, Eldiar"]
[Black "Makarian, Rudik"]
[WhiteFideId "13802240"]
[BlackFideId "44105681"]
[WhiteElo "2050"]
[BlackElo "2486"]
[Result "1-0"]
[Round "06"]
[TimeControl "180+1"]
[Date "2022.02.08"]
[WhiteClock "0:00:22"]
[BlackClock "0:00:05"]

1. e4 d6 2. d4 Nf6 3. Nc3 e5 4. Nf3 Nbd7 5. Bc4 Be7 6. O-O O-O 7. a4 c6 8. Qe2 Qc7 9. Rd1 h6 10. Be3 Ng4 11. Ba2 Nxe3 12. Qxe3 a5 13. Ne2 Nf6 14. Ng3 Ng4 15. Qe2 g6 16. h3 Nf6 17. Rd2 Kg7 18. Rad1 Nh7 19. Qe3 Ng5 20. dxe5 dxe5 21. Qc3 Nxf3+ 22. Qxf3 Bg5 23. Rd6 Be7 24. Nh5+ gxh5 25. Qg3+ Kh7 26. Bxf7 Bg5 27. Bg6+ Kh8 28. Qxe5+ Qg7 29. Qxg7+ Kxg7 30. Bxh5 Bf6 31. f4 Kh7 32. g3 Bxh3 33. e5 Be7 34. Rd7 Bxd7 35. Rxd7 Rae8 36. Rxb7 Kg8 37. Bxe8 Rxe8 38. Kf2 Kf7 39. Kf3 Ke6 40. Ke4 Rf8 41. f5+ Rxf5 42. Rxe7+ 1-0


[Site "https://www.chess.com"]

[Event "Early Titled Tuesday Blitz | February 8 2022"]
[White "Osmonbekov, Talaibek"]
[Black "Varney, Zoe"]
[WhiteFideId "2017253"]
[BlackFideId "436135"]
[WhiteElo "2135"]
[BlackElo "1808"]
[Result "1-0"]
[Round "06"]
[TimeControl "180+1"]
[Date "2022.02.08"]
[WhiteClock "0:00:22"]
[BlackClock "0:00:03"]

1. d4 d5 2. Nc3 Nf6 3. Bf4 e6 4. e3 c6 5. Nf3 Be7 6. Bd3 O-O 7. O-O Nbd7 8. e4 dxe4 9. Nxe4 Nxe4 10. Bxe4 Nf6 11. Bd3 Nd5 12. Bd2 c5 13. c3 b6 14. Qe2 Bb7 15. Rfe1 Qc7 16. Ne5 Bd6 17. Rad1 Rae8 18. Qh5 g6 19. Qh3 f6 20. Nf3 Nf4 21. Bxf4 Bxf4 22. Bb5 Bxf3 23. Bxe8 Bxd1 24. Qxe6+ Kg7 25. Rxd1 Bxh2+ 26. Kf1 Qd6 27. Qxd6 Bxd6 28. dxc5 Bxc5 29. Rd7+ Kg8 30. Rd8 Be7 31. Ra8 Kg7 32. Ke2 Bc5 33. f3 Kh6 34. b4 Bd6 35. Kd3 Be5 36. c4 Bg3 37. c5 bxc5 38. bxc5 Kg5 39. Kc4 Be5 40. Kd5 Kf4 41. Ke6 Kg3 42. Ke7 Rh8 43. Rxa7 Kxg2 44. c6 Kxf3 45. c7 Bxc7 46. Rxc7 h5 47. a4 h4 48. a5 h3 49. a6 h2 50. Bc6+ Kf2 51. a7 g5 52. a8=Q Rxa8 53. Bxa8 g4 54. Kxf6 g3 55. Kg5 g2 56. Rc2+ Kf1 57. Bxg2+ 1-0


[Site "https://www.chess.com"]

[Event "Early Titled Tuesday Blitz | February 8 2022"]
[White "Pakleza, Zbigniew"]
[Black "Hess, Robert"]
[WhiteFideId "1119290"]
[BlackFideId "2022036"]
[WhiteElo "2467"]
[BlackElo "2557"]
[Result "1/2-1/2"]
[Round "06"]
[TimeControl "180+1"]
[Date "2022.02.08"]
[WhiteClock "0:00:09"]
[BlackClock "0:00:06"]

1. d4 g6 2. Nf3 Bg7 3. Bf4 d6 4. e3 Nd7 5. h3 e6 6. Bh2 Ne7 7. Be2 h6 8. O-O b6 9. c4 Bb7 10. Nc3 O-O 11. Rc1 f5 12. b4 g5 13. Qb3 Nf6 14. c5 Ned5 15. cxd6 cxd6 16. Nd2 Qe7 17. Nxd5 Bxd5 18. Bc4 b5 19. Bxd5 Nxd5 20. Rc6 f4 21. e4 Nb6 22. Qd3 Rfc8 23. Rfc1 a6 24. Kf1 Nc4 25. d5 Qd7 26. Nxc4 Rxc6 27. dxc6 Qxc6 28. Qxd6 Rc8 29. Qxc6 Rxc6 30. Ke2 bxc4 31. f3 Bb2 32. Rc2 Bd4 33. Rc1 e5 34. Bg1 Kf7 35. Bf2 Ke6 36. Be1 Kd6 37. a4 Kc7 38. b5 axb5 39. axb5 Rc5 40. Bb4 Rxb5 41. Rxc4+ Kd7 42. Kd3 Ke6 43. Rc6+ Kd7 44. Rc4 Rb8 45. Bd2 Rb3+ 46. Ke2 Rb2 47. Kd3 Ra2 48. Rc2 Ra3+ 49. Ke2 h5 50. Rc4 Ra2 51. Kd3 Ra1 52. Rc2 Rd1 53. Kc4 Rg1 54. Bb4 Ke6 55. Kb5 g4 56. fxg4 hxg4 57. hxg4 Kf6 58. Kc6 Kg5 59. Bd6 Kxg4 60. Kd5 Kg3 61. Bxe5 Be3 62. Ke6 Rxg2 63. Rxg2+ Kxg2 64. Bxf4 Bxf4 65. Kf5 Bg3 66. Kf6 Kf3 67. e5 Bxe5+ 1/2-1/2


[Site "https://www.chess.com"]

[Event "Early Titled Tuesday Blitz | February 8 2022"]
[White "Papasimakopoulos, Alexandros"]
[Black "Timofeev, Artyom"]
[WhiteFideId "4244125"]
[BlackFideId "4140419"]
[WhiteElo "2340"]
[BlackElo "2583"]
[Result "1/2-1/2"]
[Round "06"]
[TimeControl "180+1"]
[Date "2022.02.08"]
[WhiteClock "0:00:56"]
[BlackClock "0:00:54"]

1. d4 d5 2. c4 e6 3. Nc3 c6 4. e3 Nf6 5. Qc2 Bd6 6. Nf3 O-O 7. Bd3 Nbd7 8. O-O Re8 9. e4 dxc4 10. Bxc4 e5 11. Rd1 Qe7 12. Bg5 h6 13. Bh4 exd4 14. Rxd4 Ne5 15. Bg3 Nxf3+ 16. gxf3 Be5 17. Rd2 Nh5 18. Ne2 Qf6 19. Kg2 Nf4+ 20. Nxf4 Bxf4 21. Rd3 h5 22. h4 Be6 23. Bxe6 Rxe6 24. Rad1 g5 25. Qc3 Be5 26. Bxe5 Rxe5 27. Rd8+ Rxd8 28. Rxd8+ Kg7 29. hxg5 Qxg5+ 30. Kf1 Qxd8 31. Qxe5+ Qf6 32. Qxh5 Qxb2 33. Qg5+ Kh7 34. Qh5+ Kg7 35. Qg5+ Kh7 36. Qh5+ Kg7 1/2-1/2


[Site "https://www.chess.com"]

[Event "Early Titled Tuesday Blitz | February 8 2022"]
[White "Pavlidou, Ekaterini"]
[Black "Dauner, Benedikt"]
[WhiteFideId "4213262"]
[BlackFideId "16225899"]
[WhiteElo "2127"]
[BlackElo "2230"]
[Result "0-1"]
[Round "06"]
[TimeControl "180+1"]
[Date "2022.02.08"]
[WhiteClock "0:00:09"]
[BlackClock "0:00:07"]

1. d4 d6 2. e4 Nc6 3. c3 Nf6 4. Bd3 g6 5. Ne2 Bg7 6. Bg5 O-O 7. Nd2 e5 8. d5 Ne7 9. f3 h6 10. Bh4 c6 11. c4 Kh7 12. Nf1 Nd7 13. g4 Nc5 14. Bc2 a5 15. Ne3 Qc7 16. Qd2 Ng8 17. Bf2 Ne7 18. h4 cxd5 19. cxd5 Kg8 20. h5 g5 21. Ng3 Qb6 22. Rb1 Qb4 23. a3 Qxd2+ 24. Kxd2 b6 25. Nc4 Rd8 26. Nxb6 Rb8 27. Nc4 Nb3+ 28. Bxb3 Rxb3 29. Nxa5 Rxf3 30. Ke2 Rf4 31. b4 Bxg4+ 32. Ke1 Rc8 33. Be3 Rf3 34. Nf1 Rc2 35. Rg1 Bxh5 36. Bd2 Nc8 37. Nc6 Bf8 38. Ng3 Bg6 39. b5 Nb6 40. Bb4 h5 41. Ne2 Re3 42. Rg2 g4 43. Kd1 Ra2 44. Rg3 Raxe2 45. Rxe3 Rxe3 46. Kd2 Rxe4 47. Ba5 Nc4+ 48. Kc2 Nxa5 49. Nxa5 Re2+ 50. Kd1 Ra2 51. Rb4 Rxa3 52. b6 Ra1+ 53. Kd2 g3 54. b7 g2 55. b8=Q g1=Q 56. Qa8 Qd1+ 57. Kc3 Qd3+ 58. Kb2 Rb1+ 59. Ka2 Qc2+ 60. Ka3 Ra1# 0-1


[Site "https://www.chess.com"]